details: 'best ffa ever played'

« prev index next »

General information

Mini Map

Players

team 1
Random» OrcGrandis10 (light-blue | 75 APM | 1500 actions | 19:54)
Hero icon 4 Blademaster
Ability icon 2 Wind Walk
Ability icon 2 Critical Strike
Hero icon 3 Shadow Hunter
Ability icon 1 Hex
Ability icon 2 Healing Wave
Hero icon 2 Tauren Chieftain
Ability icon 1 War Stomp
Ability icon 1 Endurance Aura

» actions
Assign group hotkey11
Basic commands1
Build / train66
Enter build submenu19
Enter hero's abilities submenu9
Give item / drop item1
Right click869
Select / deselect394
Select group hotkey12
Use ability118
1500 total
» units
Peon10
Troll Headhunter/Berserker13
Grunt1
Shaman4
Goblin Shredder1
Goblin Zeppelin1
Troll Witch Doctor2
32 total
» upgrades
Ranged Weapons3
Spiked Barricades2
Troll Regeneration1
Shaman Training2
Berserker Upgrade1
Witch Doctor Training1
10 total
» buildings
Altar of Storms1
Orc Burrow8
Voodoo Lounge1
War Mill1
Barracks1
Stronghold1
Spirit Lodge1
Fortress1
Watch Tower7
Great Hall1
Beastiary2
25 total
» build order
00:09 Altar of Storms
00:16 Orc Burrow
00:19 Orc Burrow
00:51 Voodoo Lounge
01:39 War Mill
02:01 Barracks
02:11 Orc Burrow
03:40 Stronghold
05:02 Orc Burrow
06:42 Spirit Lodge
09:02 Orc Burrow
09:27 Fortress
09:31 Watch Tower
09:33 Watch Tower
12:50 Orc Burrow
14:39 Great Hall
14:44 Watch Tower
14:45 Watch Tower
14:45 Watch Tower
14:53 Watch Tower
14:54 Watch Tower
17:09 Orc Burrow
17:09 Orc Burrow
19:01 Beastiary
19:07 Beastiary
» items
Healing Salve4
Lesser Clarity Potion4
Staff of Teleportation1
9 total
team 2
Random» Humanrorac (yellow | 112 APM | 5679 actions | 50:54)
Hero icon 9 Archmage
Ability icon 3 Summon Water Elemental
Ability icon 3 Brilliance Aura
Ability icon 2 Mass Teleport
Ability icon 1 Blizzard
Hero icon 7 Mountain King
Ability icon 3 Storm Bolt
Ability icon 3 Bash
Ability icon 1 Avatar
Hero icon 7 Paladin
Ability icon 3 Holy Light
Ability icon 3 Divine Shield
Ability icon 1 Resurrection

» actions
Assign group hotkey77
Basic commands93
Build / train138
ESC pressed4
Enter build submenu57
Enter hero's abilities submenu22
Give item / drop item2
Right click2518
Select / deselect1244
Select group hotkey1255
Use ability269
5679 total
» units
Peasant17
Footman6
Spell Breaker9
Priest7
Goblin Zeppelin1
Gryphon Rider8
Goblin Shredder1
Siege Engine2
Mortar Team1
52 total
» upgrades
Masonry3
Defend1
Lumber Harvesting2
Magic Sentry1
Swords3
Animal War Training1
Priest Training2
Storm Hammers1
Armor3
Plating2
Barrage1
Gunpowder2
Fragmentation Shards1
23 total
» buildings
Altar of Kings1
Farm13
Barracks1
Lumber Mill1
Arcane Vault2
Scout Tower16
Arcane Tower1
Guard Tower8
Keep1
Blacksmith2
Arcane Sanctum3
Castle1
Gryphon Aviary3
Town Hall5
Workshop4
62 total
» build order
00:11 Altar of Kings
00:22 Farm
00:25 Barracks
01:03 Farm
01:36 Lumber Mill
02:03 Farm
02:09 Farm
03:12 Arcane Vault
03:13 Scout Tower
03:15 Scout Tower
03:18 Arcane Vault
04:25 Arcane Tower
04:31 Scout Tower
04:52 Farm
05:02 Guard Tower
05:37 Keep
05:53 Farm
05:56 Scout Tower
06:00 Scout Tower
06:33 Guard Tower
06:42 Guard Tower
06:46 Farm
07:00 Farm
07:02 Blacksmith
08:01 Farm
08:08 Arcane Sanctum
08:12 Arcane Sanctum
08:35 Castle
14:16 Gryphon Aviary
16:32 Town Hall
16:35 Scout Tower
16:37 Scout Tower
17:00 Gryphon Aviary
17:02 Gryphon Aviary
17:05 Guard Tower
17:07 Scout Tower
17:10 Scout Tower
18:36 Guard Tower
18:50 Town Hall
18:51 Scout Tower
18:52 Scout Tower
19:05 Farm
19:06 Farm
20:44 Scout Tower
23:08 Town Hall
25:48 Workshop
26:25 Workshop
26:26 Workshop
26:29 Workshop
28:26 Town Hall
28:30 Scout Tower
28:31 Scout Tower
28:48 Blacksmith
29:58 Guard Tower
30:00 Scout Tower
30:01 Scout Tower
31:26 Guard Tower
31:35 Guard Tower
32:22 Farm
33:54 Farm
40:01 Arcane Sanctum
41:48 Town Hall
» items
Scroll of Regeneration9
Potion of Healing5
Staff of Sanctuary3
Scroll of Town Portal2
Potion of Mana1
Tome of Retraining1
21 total
team 3
Orcgleb-kul (teal | 63 APM | 1449 actions | 22:52)
Hero icon 5 Far Seer
Ability icon 2 Feral Spirit
Ability icon 3 Chain Lighting
Hero icon 3 Pandaren Brewmaster
Ability icon 2 Breath of Fire
Ability icon 1 Drunken Haze
Hero icon 2 Tauren Chieftain
Ability icon 1 Shockwave
Ability icon 1 Endurance Aura

» actions
Basic commands1
Build / train64
Enter build submenu15
Enter hero's abilities submenu9
Give item / drop item2
Remove unit from queue5
Right click959
Select / deselect330
Use ability64
1449 total
» units
Peon5
Troll Headhunter/Berserker13
Wind Rider10
Goblin Zeppelin1
29 total
» upgrades
Ranged Weapons2
Armor1
Envenomed Spears1
4 total
» buildings
Altar of Storms1
Orc Burrow5
Barracks1
Voodoo Lounge1
War Mill2
Stronghold1
Beastiary1
Fortress1
Watch Tower1
Great Hall1
15 total
» build order
00:05 Altar of Storms
00:09 Orc Burrow
00:52 Barracks
01:39 Voodoo Lounge
01:59 War Mill
02:04 War Mill
03:51 Stronghold
04:22 Orc Burrow
05:07 Orc Burrow
09:36 Orc Burrow
09:44 Beastiary
11:02 Orc Burrow
11:07 Fortress
18:18 Watch Tower
18:45 Great Hall
» items
Healing Salve5
Lesser Clarity Potion2
Potion of Healing1
Orb of Lightning1
9 total
team 4
OrcLuisito-Chamako (purple | 3 APM | 13 actions | 03:47)

» actions
Build / train3
Enter build submenu1
Right click4
Select / deselect4
Use ability1
13 total
» units
Peon3
3 total
» buildings
Altar of Storms1
1 total
» build order
03:32 Altar of Storms
team 5
HumanFOREVERAZONE (green | 149 APM | 7581 actions | 50:56)
Hero icon 8 Archmage
Ability icon 3 Summon Water Elemental
Ability icon 3 Brilliance Aura
Ability icon 1 Mass Teleport
Ability icon 1 Blizzard
Hero icon 6 Mountain King
Ability icon 3 Storm Bolt
Ability icon 2 Bash
Ability icon 1 Avatar
Hero icon 7 Paladin
Ability icon 3 Holy Light
Ability icon 3 Divine Shield
Ability icon 1 Resurrection

» actions
Assign group hotkey82
Basic commands242
Build / train195
ESC pressed6
Enter build submenu51
Enter hero's abilities submenu21
Give item / drop item9
Right click2239
Select / deselect1375
Select group hotkey2965
Use ability396
7581 total
» units
Peasant18
Footman5
Barbed Arachnathid1
Magnataur Warrior2
Polar Furbolg Shaman2
Goblin Zeppelin4
Goblin Shredder7
Mortar Team1
Flying Machine6
Knight5
Spell Breaker6
Siege Engine4
Sorceress4
Priest5
70 total
» upgrades
Defend1
Masonry3
Lumber Harvesting2
Priest Training2
Sorceress Training2
Magic Sentry1
Control Magic1
Animal War Training1
Long Rifles1
Swords3
Armor2
Fragmentation Shards1
Barrage1
Flying Machine Bombs1
Flare1
Flak Cannons1
Gunpowder3
Plating3
Storm Hammers1
Cloud1
32 total
» buildings
Altar of Kings1
Barracks2
Farm13
Scout Tower21
Arcane Tower2
Lumber Mill1
Guard Tower12
Town Hall3
Arcane Vault2
Keep2
Blacksmith2
Castle2
Arcane Sanctum2
Workshop3
Gryphon Aviary7
75 total
» build order
00:06 Altar of Kings
00:22 Barracks
00:33 Farm
00:48 Farm
01:28 Scout Tower
02:17 Farm
02:29 Arcane Tower
02:29 Arcane Tower
03:46 Farm
04:12 Lumber Mill
04:17 Scout Tower
04:17 Scout Tower
04:18 Scout Tower
04:18 Scout Tower
04:19 Scout Tower
04:21 Scout Tower
04:21 Scout Tower
04:22 Scout Tower
05:10 Guard Tower
05:12 Guard Tower
05:12 Guard Tower
05:27 Guard Tower
05:29 Guard Tower
05:44 Scout Tower
05:44 Scout Tower
05:53 Guard Tower
06:16 Guard Tower
06:54 Town Hall
06:59 Arcane Vault
08:17 Keep
08:17 Keep
08:19 Scout Tower
08:20 Scout Tower
08:47 Guard Tower
08:47 Guard Tower
08:50 Farm
08:55 Blacksmith
08:56 Blacksmith
10:01 Guard Tower
11:18 Castle
11:18 Castle
11:35 Arcane Vault
11:58 Farm
11:58 Farm
11:59 Farm
12:01 Farm
12:06 Arcane Sanctum
12:07 Arcane Sanctum
13:09 Farm
13:09 Farm
15:11 Workshop
15:12 Workshop
15:13 Workshop
16:54 Scout Tower
16:55 Scout Tower
16:56 Scout Tower
16:57 Scout Tower
16:59 Scout Tower
16:59 Scout Tower
17:00 Scout Tower
17:01 Scout Tower
17:49 Town Hall
19:48 Guard Tower
19:49 Guard Tower
21:16 Barracks
21:20 Gryphon Aviary
21:21 Gryphon Aviary
23:11 Gryphon Aviary
23:12 Gryphon Aviary
23:14 Gryphon Aviary
23:16 Gryphon Aviary
23:18 Gryphon Aviary
28:47 Town Hall
42:12 Farm
42:13 Farm
» items
Boots of Speed3
Scroll of Regeneration7
Lesser Clarity Potion5
Potion of Healing5
Staff of Sanctuary3
Orb of Fire3
Ivory Tower2
Potion of Lesser Invulnerability2
Scroll of Protection2
Scroll of Town Portal1
Scroll of Healing2
Potion of Mana1
36 total
team 6
NightElfPeneDeTiny (dark-green | 42 APM | 1184 actions | 28:09)
Hero icon 4 Demon Hunter
Ability icon 2 Immolation
Ability icon 2 Evasion
Hero icon 1 Priestess of the Moon
Ability icon 1 Trueshot Aura

» actions
Build / train82
Enter build submenu24
Enter hero's abilities submenu5
Remove unit from queue2
Right click684
Select / deselect321
Use ability66
1184 total
» units
Wisp13
Huntress12
Glaive Thrower2
Magnataur Warrior1
Hippogryph9
Archer9
Chimaera4
Dryad4
54 total
» upgrades
Strength of the Moon3
Moon Armor3
Hippogryph Taming1
Improved Bows1
Marksmanship1
Upgrade Moon Glaive1
Vorpal Blades1
Corrosive Breath1
Well Spring1
13 total
» buildings
Altar of Elders1
Ancient of War1
Moon Well9
Hunter's Hall1
Ancient Protector5
Tree of Ages1
Ancient of Wind1
Tree of Eternity1
Chimaera Roost1
Ancient of Lore1
22 total
» build order
00:13 Altar of Elders
00:59 Ancient of War
01:27 Moon Well
01:58 Moon Well
02:27 Hunter's Hall
02:58 Moon Well
04:36 Ancient Protector
04:54 Ancient Protector
05:01 Ancient Protector
06:30 Moon Well
06:35 Tree of Ages
06:45 Ancient Protector
06:57 Ancient Protector
08:06 Moon Well
09:14 Ancient of Wind
12:34 Tree of Eternity
16:07 Moon Well
16:58 Moon Well
17:16 Chimaera Roost
17:56 Moon Well
19:35 Moon Well
19:44 Ancient of Lore
» items
Periapt of Vitality1
Boots of Speed1
Circlet of Nobility1
3 total
observers
hohotushka

Chat log

(00:00 / All) Grandis10:
(00:09 / All) FOREVERAZONE: cool map
(00:18 / All) PeneDeTiny: yeah
(00:20 / All) gleb-kul: +1
(00:21 / All) gleb-kul: +1
(00:40 / All) FOREVERAZONE: so who is best here?

(03:38 / All) Luisito-Chamako: conchale
(03:45 / All) Luisito-Chamako: sleeping
(03:47 / All) Grandis10: Luisito-Chamako gave up.

(07:07 / All) FOREVERAZONE: i take that back
(07:13 / All) FOREVERAZONE: these creeps fuckin suck
(07:22 / All) rorac: fast expo no prob 8)
(07:33 / All) FOREVERAZONE: at red spot lol?
(07:39 / All) rorac: xD
(07:43 / All) FOREVERAZONE: i got lcuky
(07:48 / All) FOREVERAZONE: that guy left bcuz he was afk
(07:52 / All) FOREVERAZONE: i took his mine lol
(07:54 / All) Grandis10: badbum
(08:01 / All) FOREVERAZONE: ?
(08:05 / All) Grandis10: badabum*
(08:06 / All) FOREVERAZONE: is that not good mannered?

(10:24 / All) Grandis10: Register for King of FFA tournament on ffamasters.net. (3 games from friday 28th to sunday 30th, slots limited)
(10:27 / All) FOREVERAZONE: how the fuck u get top top right expos lol
(10:49 / All) FOREVERAZONE: wtf
(10:53 / All) Grandis10: check the map and you'll understand
(11:02 / All) FOREVERAZONE: theres no zepps cock
(11:10 / All) Grandis10: It is
(11:14 / All) FOREVERAZONE: where
(11:19 / All) Grandis10: again
(11:20 / All) Grandis10: check the map
(11:26 / All) FOREVERAZONE: ffs
(11:29 / All) FOREVERAZONE: more red camps
(11:33 / All) Grandis10: I won't give u advantage in a ffa for u being lazy
(11:48 / All) FOREVERAZONE: what advantage?
(12:01 / All) Grandis10: loool nvm I'll keep away from chat
(12:10 / All) FOREVERAZONE: yes plz do

(15:34 / All) FOREVERAZONE: goddamn creeps

(19:54 / All) Grandis10: Grandis10 gave up.

(22:52 / All) rorac: gleb-kul gave up.

(24:34 / All) rorac: Register for King of FFA tournament on ffamasters.net. (3 games from friday 28th to sunday 30th, slots limited)
(24:35 / All) FOREVERAZONE: which one of u guys is winning?

(27:36 / All) FOREVERAZONE: fuck grreen
(28:09 / All) rorac: PeneDeTiny gave up.

(38:44 / All) rorac: Register for King of FFA tournament on ffamasters.net. (3 games from friday 28th to sunday 30th, slots limited)
(38:55 / All) FOREVERAZONE: i got 13k gold
(39:03 / All) rorac: good

(50:51 / All) FOREVERAZONE: gg wp
(50:53 / All) rorac: gg
(50:54 / All) rorac: rorac gave up.